 Dungeon Crawl Stone Soup version 0.31-a0-1522-g43313d8a59 (webtiles) character file.

Game seed: 8529819363547932038

1453 demibob the Grappler (level 8, -3/58 HPs)
             Began as a Demonspawn Chaos Knight on Dec 30, 2023.
             Was a Follower of Jiyva.
             Slain by an ogre
             ... wielding a +0 giant spiked club
              (31 damage)
             ... on level 5 of the Dungeon.
             The game lasted 00:07:06 (3427 turns).

demibob the Grappler (Demonspawn Chaos Knight)      Turns: 3427, Time: 00:07:07

Health: -3/58      AC:  9    Str: 15    XL:     8   Next: 47%
Magic:  8/8        EV: 11    Int: 13    God:    Jiyva [*.....]
Gold:   199        SH:  0    Dex: 12    Spells: 7/7 levels left

rFire   . .          .
                       - Unarmed
rCold   . . .        (no shield)
rNeg    . . .        b - +3 leather armour
rPois   .            c - +0 helmet
rElec   .            (no cloak)
rCorr   +            (no gloves)
SInv    .            (no boots)
Will    .....        (no amulet)
Stlth   +            R - ring of resist corrosion
HPRegen 1.09/turn    L - ring of flight
MPRegen 0.51/turn

%: no passive effects
@: flying
A: molten scales 1, demonic guardian 1, powered by pain 1, demonic touch 1
a: Renounce Religion


You were on level 5 of the Dungeon.
You worshipped Jiyva.
Jiyva was aware of your devotion.
You visited 1 branch of the dungeon, and saw 5 of its levels.
You also visited: Sewer.

You collected 199 gold pieces.


Innate Abilities, Weirdness & Mutations

You are partially covered in molten scales. (AC +2)
A weak demonic guardian rushes to your aid.
You sometimes gain a little power by taking damage.
Your touch may inflict minor irresistible damage on your foes.


   Skills:
 - Level 3.0 Fighting
 - Level 3.3 Maces & Flails
 - Level 1.7 Armour
 - Level 0.8 Dodging
 + Level 3.4 Shields
 + Level 8.6 Unarmed Combat


You had 7 spell levels left.
You didn't know any spells.
Your spell library contained the following spells:

 Spells                   Type           Power      Damage    Failure   Level
 Apportation              Tloc           0%         N/A       36%         1
 Freeze                   Ice            0%         1d3       36%         1
 Necrotise                Necr           0%         1d4       36%         1
 Sting                    Conj/Alch      0%         1d3       36%         1
 Summon Small Mammal      Summ           0%         N/A       36%         1
 Ensorcelled Hibernation  Hex/Ice        0%         N/A       50%         2
 Mercury Vapours          Alch/Air       0%         N/A       50%         2
 Frozen Ramparts          Ice            0%         1d1       75%         3
 Hailstorm                Conj/Ice       0%         3d5       75%         3
 Mephitic Cloud           Conj/Alch/Air  0%         N/A       75%         3
 Passwall                 Erth           0%         N/A       75%         3
 Stone Arrow              Conj/Erth      0%         3d7       75%         3
 Swiftness                Air            0%         N/A       75%         3
 Animate Armour           Summ/Erth      0%         N/A       98%         4
 Freezing Cloud           Conj/Ice/Air   0%         6-21      100%        5
 Lehudib's Crystal Spear  Conj/Erth      0%         10d2      100%        8

Inventory:

Hand Weapons
 a - a +1 mace of chaos
Armour
 b - a +3 leather armour (worn)
 c - a +0 helmet (worn)
 m - a +0 kite shield of cold resistance
Jewellery
 L - a ring of flight (right hand)
 R - a ring of resist corrosion (left hand)
Wands
 d - a wand of charming (11)
 e - a wand of flame (17)
Scrolls
 i - a scroll of enchant weapon
 j - a scroll of vulnerability
 p - a scroll of fog
Potions
 f - a potion of lignification
 g - a potion of curing {@q1}
 h - a potion of cancellation {unknown}
 k - a potion of ambrosia {unknown}
 l - a potion of degeneration {unknown}
 o - a potion of mutation {unknown}
 q - a potion of resistance {unknown}
 r - a potion of heal wounds {unknown}
 s - a potion of brilliance {unknown}

Dungeon Overview and Level Annotations

Branches:
Dungeon (5/15)              Sewer (visited)
 Temple: D:4-7

Altars:
Kikubaaqudgha
Makhleb
Vehumet

Shops:
D:1

: #..##....## # ###.......##
#..###...+ #.........
#..<.#...## #..#.#.... #..#.#
#..# #...>..... .......# #..#
....#.#.... ##.#...## #..
.#......... ..........#..
..........
###.#.##.#.#.######......#......
..#. .#....5@O...... +...... ..
#. #.#J#########. ##.....
#.#)### #####. #.....## #.
###.#..# #. #.##.# #.
#....######### ###
#............. ..#
#....######### #.#


You could see an ogre (ally target), a neutral jelly (wandering) (fellow slime)
and a friendly white imp (summoned).


Message History

The black bear claws you but does no damage.
You punch the black bear!
The black bear is almost dead.
The black bear bites you but does no damage.
The black bear claws you but does no damage.
The black bear barely misses you.
You hit the black bear.
You touch the black bear.
You kill the black bear!
An ogre comes into view. It is wielding a +0 giant spiked club.
The ogre shouts!
An ogre is nearby!
You punch the ogre!
The ogre is moderately wounded.
The ogre hits you but does no damage.
You barely miss the ogre.
You touch the ogre!
The ogre is severely wounded.
You hit the ogre. Your touch misses the ogre.
The ogre is severely wounded.
The ogre hits you with a +0 giant spiked club!!
Ouch! That really hurt!
* * * LOW HITPOINT WARNING * * *
A demonic guardian appears!
You barely miss the ogre.
The ogre is severely wounded.
You hear a distant slurping noise.
You punch the ogre!
The ogre is almost dead.
The ogre hits you with a +0 giant spiked club!!
Ouch! That really hurt!
You die...

Skill      XL: |  1  2  3  4  5  6  7  8 |
---------------+-------------------------+-----
Maces & Flails | 3 |  3.3
Unarmed Combat | 1 2 4 5 6 8 |  8.6
Shields        | 1 3 |  3.4
Fighting       | |  3.0
Armour         | |  1.7
Dodging        | |  0.8

Action                     |  1- 3 |  4- 6 |  7- 9 || total
---------------------------+-------+-------+-------++-------
  Melee: Mace              |    85 |     6 |       ||    91
         Touch             |     4 |    21 |    24 ||    49
         Unarmed           |       |   129 |   151 ||   280
         Punch             |       |     2 |     5 ||     7
  Evoke: Wand              |       |       |     1 ||     1
    Use: Scroll            |     6 |     1 |     3 ||    10
         Potion            |     1 |       |     2 ||     3
   Stab: Confused          |     1 |       |       ||     1
         Sleeping          |     1 |       |       ||     1
 Armour: Leather armour    |    68 |    65 |    79 ||   212
  Dodge: Dodged            |    88 |    54 |    89 ||   231

Levels and vault maps discovered:
D:1:      scummos_arrival_simple_crosswalls, layout_rooms, serial_shops,
          nicolae_shop_hallway_stairs, nicolae_concentric_dashed_squares_wild,
          minmay_misc_feat_tiny
D:2:      layout_basic, chequers_ecumenical_altar_twisty,
          minmay_misc_feat_nine_boxes, solitary_fountain, uniq_robin,
          uniq_sigmund
D:3:      layout_basic, lemuel_round_altar, lemuel_zombie_altar_kikubaaqudgha,
          minmay_misc_feat_secret_circle, uniq_ijyb
D:4:      layout_cave_pools, nicolae_vehumet_radiance, gup_sewer_entry_spiral,
          uniq_eustachio
D:5:      layout_basic, st_stairs_14, serial_bayou_pond_c,
          minmay_misc_feat_pillars, uniq_edmund

Notes
Turn   | Place    | Note
-------+----------+-------------------------------------------
     0 | D:1      | demibob the Demonspawn Chaos Knight began the quest for the
                  | Orb.
     0 | D:1      | Reached XP level 1. HP: 18/18 MP: 1/1
    26 | D:1      | Found Hujiac's Book Shop.
   154 | D:1      | Reached skill level 3 in Maces & Flails
   246 | D:1      | Gained mutation: Your touch may inflict minor irresistible
                  | damage on your foes. [demonic ancestry]
   246 | D:1      | Reached XP level 2. HP: 24/24 MP: 2/2
   470 | D:1      | XOM: silly message
   497 | D:2      | Reached skill level 1 in Unarmed Combat
   527 | D:2      | Reached XP level 3. HP: 29/29 MP: 3/3
   646 | D:2      | Reached skill level 2 in Unarmed Combat
   658 | D:2      | Noticed Sigmund
   792 | D:2      | XOM: 1-stop teleportation journey
   809 | D:2      | Noticed Robin
   827 | D:2      | Killed Robin
   828 | D:2      | Gained mutation: A weak demonic guardian rushes to your
                  | aid. [demonic ancestry]
   828 | D:2      | Reached XP level 4. HP: 23/35 MP: 4/4
   835 | D:2      | Reached skill level 3 in Unarmed Combat
   925 | D:2      | Found a faded altar of an unknown god.
   925 | D:2      | XOM: 6-stop teleportation journey
  1237 | D:2      | Killed Sigmund
  1238 | D:2      | Reached skill level 4 in Unarmed Combat
  1238 | D:2      | Gained mutation: You are partially covered in molten
                  | scales. (AC +2) [demonic ancestry]
  1238 | D:2      | Reached XP level 5. HP: 9/41 MP: 5/5
  1455 | D:3      | XOM: 1-stop teleportation journey
  1569 | D:3      | Noticed Ijyb
  1576 | D:3      | Killed Ijyb
  1577 | D:3      | Reached skill level 5 in Unarmed Combat
  1577 | D:3      | Reached XP level 6. HP: 44/47 MP: 6/6
  1634 | D:3      | Found an ancient bone altar of Kikubaaqudgha.
  1698 | D:3      | Found a burning altar of Makhleb.
  2130 | D:4      | XOM: enchant monster (bad)
  2141 | D:4      | Reached skill level 6 in Unarmed Combat
  2186 | D:4      | XOM: polymorph iron imp -> shadow imp
  2265 | D:4      | XOM: god gift: +0 kite shield of cold resistance
  2302 | D:4      | Gained mutation: You sometimes gain a little power by
                  | taking damage. [demonic ancestry]
  2302 | D:4      | Reached XP level 7. HP: 52/52 MP: 7/7
  2313 | D:4      | Noticed Eustachio
  2321 | D:4      | Killed Eustachio
  2329 | D:4      | XOM: stat loss: -1 Dex (11/12)
  2428 | D:4      | Reached skill level 7 in Unarmed Combat
  2478 | D:4      | Found a glowing drain.
  2482 | Sewer    | Entered a sewer
  2672 | Sewer    | Found a viscous altar of Jiyva.
  2769 | Sewer    | XOM: draining
  2781 | Sewer    | Fell from the grace of Xom
  2781 | Sewer    | Became a worshipper of Jiyva Jyir the Shapeless
  2968 | D:4      | Found a radiant altar of Vehumet.
  3137 | D:5      | Entered Level 5 of the Dungeon
  3150 | D:5      | Reached skill level 1 in Shields
  3193 | D:5      | Noticed Edmund
  3195 | D:5      | Reached skill level 8 in Unarmed Combat
  3201 | D:5      | Killed Edmund
  3202 | D:5      | Reached XP level 8. HP: 51/57 MP: 8/8
  3246 | D:5      | Reached * piety under Jiyva
  3291 | D:5      | Reached skill level 2 in Shields
  3331 | D:5      | Reached skill level 3 in Shields
  3427 | D:5      | Slain by an ogre

Vanquished Creatures
  Sigmund (D:2)
  Eustachio (D:4)
  Edmund (D:5)
  2 black bears (D:5)
  An ice beast (D:5)
  2 phantoms
  A bullfrog (D:4)
  A scorpion (D:5)
  A hound (D:5)
  2 jellies (Sewer)
  A bombardier beetle (D:4)
  A sleepcap (D:5)
  Ijyb (D:3)
  An orc wizard (D:4)
  Robin (D:2)
  7 adders
  2 river rats
  2 shadow imps (D:5)
  2 dart slugs
  3 ribbon worms
  12 orcs
  16 ball pythons
  3 bats
  18 endoplasms
  4 giant cockroaches
  13 hobgoblins
  4 jackals (D:1)
  3 kobolds
  3 quokkas (D:4)
  4 frilled lizards (Sewer)
  3 frilled lizard zombies (D:3)
  12 goblins
  7 rats
136 creatures vanquished.

Vanquished Creatures (collateral kills)
  A ribbon worm (D:4)
1 creature vanquished.

Vanquished Creatures (others)
  An orc warrior (D:4)
  A phantom (D:5)
  A scorpion (D:5)
  2 orc priests (D:5)
  A jelly (D:5)
  An adder (D:5)
7 creatures vanquished.

Grand Total: 144 creatures vanquished

Table legend: (Time is in decaauts)
 A = Elapsed time spent in this place.
 B = Non-inter-level travel time spent in this place.
 C = Inter-level travel time spent in this place.
 D = Time resting spent in this place.
 E = Time spent auto-exploring this place.
 F = Levels seen in this place.
 G = Mean time per level.
                   A        B        C        D        E       F      G
               +--------+--------+--------+--------+--------+-----+--------+
         Total |   3415 |   3362 |     53 |    214 |   2231 |   6 |  569.2 |
       Dungeon |   3110 |   3057 |     53 |    214 |   2068 |   5 |  622.0 |
         Sewer |    305 |    305 |      0 |      0 |    163 |   1 |  305.0 |
               +--------+--------+--------+--------+--------+-----+--------+

Top non-repeatable levels by time:
     D:2: 805 daAuts
     D:4: 743 daAuts
     D:3: 686 daAuts
     D:1: 592 daAuts
   Sewer: 305 daAuts
     D:5: 282 daAuts

Table legend:
 A = Non-vault XP
 B = Vault XP
 C = Vault XP percentage of total XP
 D = Non-vault monster count
 E = Vault monster count
 F = Vault count percentage of total count
                 A         B        C        D         E       F
            +---------+---------+-------+---------+---------+-------
      Total |    1126 |     951 |  45.8 |      82 |      56 |  40.6
            +---------+---------+-------+---------+---------+-------
        D:1 |      26 |       0 |   0.0 |      13 |       0 |   0.0
        D:2 |      63 |     267 |  80.9 |      15 |      12 |  44.4
        D:3 |      42 |      39 |  48.1 |      19 |       4 |  17.4
        D:4 |     436 |     221 |  33.6 |      25 |       9 |  26.5
        D:5 |     559 |     249 |  30.8 |      10 |       2 |  16.7
      Sewer |       0 |     175 | 100.0 |       0 |      29 | 100.0
            +---------+---------+-------+---------+---------+-------
